 Dungeon Crawl Stone Soup version 0.27.0-1-g7a089689b8 (webtiles) character file.

Game seed: 9211835585677519991

95 Malachi the Sneak (level 4, 0/31 HPs)
             Began as a Vampire Enchanter on Aug 17, 2021.
             Slain by an orc (4 damage)
             ... on level 3 of the Dungeon.
             The game lasted 00:03:55 (2169 turns).

Malachi the Sneak (Vampire Enchanter)               Turns: 2169, Time: 00:03:56

Health: 0/31       AC:  3    Str:  7    XL:     4   Next: 40%
Magic:  7/7        EV: 13    Int: 18    God:
Gold:   53         SH:  0    Dex: 14    Spells: 1/7 levels left

rFire    . . .     SeeInvis +   e - +1 dagger (freeze)
rCold    . . .     Faith    .   (no shield)
rNeg     . . .     Spirit   .   b - +0 robe
rPois    .         Reflect  .   (no helmet)
rElec    .         Harm     .   (no cloak)
rCorr    .         Rampage  .   (no gloves)
Will     .....                  d - +0 pair of boots
Stlth    +++.......             n - amulet of magic regeneration
HPRegen  0.30/turn              (no ring)
MPRegen  0.35/turn              (no ring)

@: healing quickly
A: alive, fangs 3, see invisible, vampiric 2
a: Exsanguinate


You were on level 3 of the Dungeon.
You visited 1 branch of the dungeon, and saw 3 of its levels.

You collected 53 gold pieces.

Inventory:

Hand Weapons
 a - a +1 dagger
 e - a +1 dagger of freezing (weapon)
Missiles
 c - 2 boomerangs
 m - 8 javelins
Armour
 b - a +0 robe (worn)
 d - a +0 pair of boots (worn)
Jewellery
 n - an amulet of magic regeneration (around neck)
Scrolls
 j - 2 scrolls of magic mapping
 k - a scroll of holy word {unknown}
 l - a scroll of enchant armour
Potions
 f - a potion of flight
 g - 3 potions of berserk rage
 h - 2 potions of curing
 i - 2 potions of might


   Skills:
 + Level 0.9 Fighting
 + Level 1.6 Short Blades
 + Level 2.9 Dodging
 + Level 5.7 Stealth
 + Level 2.3 Spellcasting
 + Level 5.2 Hexes
 + Level 0.3 Ice Magic


You had one spell level left.
You knew the following spells:

 Your Spells              Type           Power      Damage    Failure   Level
a - Corona                Hex            22%        N/A       1%          1
b - Ensorcelled Hibernat  Hex/Ice        24%        N/A       9%          2
c - Confusing Touch       Hex            20%        N/A       6%          3

Your spell library contained the following spells:

 Spells                   Type           Power      Damage    Failure   Level
 Tukima's Dance           Hex            20%        N/A       6%          3
 Dazzling Flash           Conj/Hex       22%        N/A       19%         3


Dungeon Overview and Level Annotations

Branches:
Dungeon (3/15)

Altars:


Innate Abilities, Weirdness & Mutations

Your natural rate of healing is accelerated.
You have razor-sharp teeth.
You have supernaturally acute eyesight. (SInv)
You are afflicted with vampirism and can become a bat while bloodless.


Message History

The endoplasm quivers.
The goblin unwields a +0 hunting sling.
The goblin barely misses you.
You barely miss the goblin. The goblin closely misses you.
The endoplasm freezes you.
You are frozen.
The goblin wields a +0 hunting sling.
The goblin shoots a stone.
The stone barely misses you.
The stone hits the endoplasm.
The endoplasm freezes you.
You are frozen.
The goblin shoots a stone.
The stone hits you but does no damage. The endoplasm closely misses you.
You see here a scroll labelled URHEACKO MAERR.
You hit the endoplasm but do no damage.
The endoplasm is heavily wounded.
The endoplasm freezes you.
You are frozen.
You hit the endoplasm but do no damage.
The endoplasm is heavily wounded.
The endoplasm freezes you.
You are frozen.
You hit the endoplasm. You freeze the endoplasm.
You kill the endoplasm!
The endoplasm completely misses you.
You hit the endoplasm but do no damage.
The goblin shoots a stone.
The stone hits you.
You hit the endoplasm. You freeze the endoplasm.
Your bite misses the endoplasm.
The endoplasm is severely wounded.
The endoplasm hits you.
The goblin shoots a stone.
The stone closely misses you.
The goblin shoots a stone.
The stone hits you.
The endoplasm jiggles.
The goblin shoots a stone.
The stone hits you.
* * * LOW HITPOINT WARNING * * *
An orc comes into view. It is wielding a +0 hand axe.
The orc shouts!
The orc hits you with a +0 hand axe.
* * * LOW HITPOINT WARNING * * *
The orc hits you with a +0 hand axe.
You die...

#.........##
##.......##
####.##########
##...#......#8###8
##..##..###........
....(...####........
.......#####.........
.#........##.###8###8
#..#.####..o@########
..... #†.#J........
.... ##...#####...
.....#####...#####.
........#...g.......
....................
..#..##......###....
.#...##....†####..##
#................##


You could see an orc, an endoplasm and a goblin.

Vanquished Creatures
  Terence (D:2)
  A worm (D:2)
  A dart slug (D:1)
  5 orcs
  8 endoplasms
  3 giant cockroaches
  2 goblins (D:1)
  5 hobgoblins
  10 jackals
  3 kobolds
  A quokka (D:2)
  5 ball pythons
  A frilled lizard (D:2)
  5 rats
51 creatures vanquished.

Notes
Turn   | Place    | Note
-------+----------+-------------------------------------------
     0 | D:1      | Malachi the Vampire Enchanter began the quest for the Orb.
     0 | D:1      | Reached XP level 1. HP: 13/13 MP: 3/3
   273 | D:1      | Reached XP level 2. HP: 10/19 MP: 5/5
   385 | D:1      | Reached skill level 5 in Stealth
   756 | D:1      | Reached skill level 5 in Hexes
   825 | D:1      | Gained mutation: You are afflicted with vampirism and can
                  | become a bat while bloodless. [Vampire growth]
   825 | D:1      | Reached XP level 3. HP: 24/24 MP: 6/6
   954 | D:2      | Learned a level 2 spell: Ensorcelled Hibernation
   958 | D:2      | Learned a level 3 spell: Confusing Touch
  1340 | D:2      | Noticed Terence
  1432 | D:2      | Killed Terence
  1433 | D:2      | Reached XP level 4. HP: 31/31 MP: 4/7
  2169 | D:3      | Slain by an orc

Illustrated notes

Levels and vault maps discovered:
D:1:      lemuel_arrival_room, layout_loops_cross
D:2:      layout_basic, chequers_avenue, uniq_terence
D:3:      minmay_goblin_kobold_castle, layout_rooms,
          mainiacjoe_overflow_catwalk, shapermc_ecumenical_altar_acropolis,
          serial_corexii_hall, corexii_hall_statues_x,
          chequers_hall_statues_corner_a

Skill      XL: |  1  2 |
---------------+-------+-----
Stealth        | 5 |  5.7
Hexes          | 5 |  5.2
Fighting       | |  0.9
Short Blades   | |  1.6
Dodging        | |  2.9
Spellcasting   | |  2.3
Ice Magic      | |  0.3

Action                   |  1- 3 |  4- 6 || total
-------------------------+-------+-------++-------
Melee: Dagger            |   110 |    33 ||   143
       Bite              |    10 |       ||    10
 Cast: Corona            |     9 |       ||     9
       Ensorcelled Hiber |     4 |    11 ||    15
  Use: Scroll            |     4 |     2 ||     6
       Potion            |       |     1 ||     1
 Stab: Sleeping          |    13 |    10 ||    23
       Distracted        |       |     1 ||     1
Armor: Robe              |    17 |     6 ||    23
Dodge: Dodged            |    52 |    27 ||    79
